 Dungeon Crawl Stone Soup version 0.26-a0-1191-ge2a0e31ab3 (webtiles) character file.

Game seed: 1339065676918099846

725470 dolemite99 the Hoplite (level 27, -8/288 (290) HPs)
             Began as a Minotaur Fighter on Dec 29, 2020.
             Was a Follower of Uskayaw.
             Mangled by Macahaku the pandemonium lord (23 damage)
             ... on level 4 of the Realm of Zot.
             The game lasted 02:44:25 (99495 turns).

dolemite99 the Hoplite (Minotaur Fighter)          Turns: 99495, Time: 02:44:26

HP:   -8/288 (290)  AC: 50    Str: 27    XL:     27
MP:   36/38         EV: 14    Int:  7    God:    Uskayaw [*.....]
Gold: 3370          SH: 30    Dex: 16    Spells: 26/36 levels left

rFire    + + +     SeeInvis +   j - +5 eveningstar (holy)
rCold    + + +     Faith    .   z - +4 tower shield {AC+3}
rNeg     + . .     Spirit   .   o - +8 gold dragon scales
rPois    +         Reflect  .   m - +0 hat "Nocousho" {+Blink rC+ Will+ Str-2}
rElec    +         Harm     .   S - +2 cloak
rCorr    +         Rampage  .   i - +3 pair of gauntlets of War {Slay+5}
Will     +++++                  d - +4 pair of boots of Rynlef {Str+4}
Stlth    ..........             f - amulet "Aruckel" {rN+ Regen+}
HPRegen  0.98/turn              M - ring "Agaseb" {+Inv rF+ Str+2 SInv}
MPRegen  0.26/turn              e - ring "Eleesyh" {rElec rF+ rC+ Will+ Str-3}

@: lethally poisoned (-8 -> -17), resistant, slowed, lightly drained, very slow
A: retaliatory headbutt, horns 2, thin metallic scales 1, camouflage 1, cold
resistance 1, fire resistance 1, high mp 1, strong-willed 1, robust 1, screaming
2
0: Orb of Zot
}: 4/15 runes: barnacled, slimy, silver, gossamer
a: Renounce Religion, Evoke Blink, Evoke Invisibility, Stomp


You were on level 4 of the Realm of Zot.
You worshipped Uskayaw.
Uskayaw was most pleased with you.
You visited 11 branches of the dungeon, and saw 57 of its levels.
You visited the Abyss 1 time.

You collected 8801 gold pieces.
You spent 5431 gold pieces at shops.

Inventory:

Hand Weapons
 a - the +7 broad axe of Exkeneic {vorpal, rPois}
   (You bought it in a shop on level 15 of the Dungeon)

   It inflicts extra damage upon your enemies.
   It protects you from poison.
 b - the +3 sling "Punk" {acid, rCorr}
   (You acquired it on level 3 of the Crypt)

   It provides partial protection from all sources of acid and corrosion.
 j - a +5 eveningstar of holy wrath (weapon)
Missiles
 h - 14 sling bullets
 v - 9 throwing nets
 G - 30 silver javelins (quivered)
 Z - 1585 stones
Armour
 c - a +2 hat
 d - the +4 pair of boots of Rynlef (worn) {Str+4}
   (You found it on level 5 of the Pits of Slime)

   It affects your strength (+4).
 i - the +3 pair of gauntlets of War (worn) {Slay+5}
   (You bought it in a shop on level 15 of the Dungeon)

   It affects your accuracy and damage with ranged weapons and melee attacks
   (+5).
 m - the +0 hat "Nocousho" (worn) {+Blink rC+ Will+ Str-2}
   (You found it on level 5 of the Realm of Zot)

   It affects your strength (-2).
   It protects you from cold.
   It affects your willpower, your defense against some magical effects.
   It lets you blink.
 o - +8 gold dragon scales (worn)
 z - a +4 tower shield of protection (worn)
 S - a +2 cloak (worn)
Jewellery
 e - the ring "Eleesyh" (right hand) {rElec rF+ rC+ Will+ Str-3}
   (You took it off a vault guard on level 5 of the Vaults)

   [ring of willpower]

   It affects your strength (-3).
   It protects you from fire.
   It protects you from cold.
   It insulates you from electricity.
   It affects your willpower, your defense against some magical effects.
 f - the amulet "Aruckel" (around neck) {rN+ Regen+}
   (You took it off a deep elf death mage on level 3 of the Elven Halls)

   [amulet of regeneration]

   It protects you from negative energy.
   It increases your rate of regeneration.
 x - the ring "Vueff" {+Blink Str+6 Int+2 Dex+4}
   (You found it on level 5 of the Pits of Slime)

   [ring of strength]

   It affects your strength (+6).
   It affects your intelligence (+2).
   It affects your dexterity (+4).
   It lets you blink.
 C - the ring of Descent {rCorr Slay+3}
   (You took it off a deep elf sorcerer on level 3 of the Elven Halls)

   [ring of resist corrosion]

   It affects your accuracy and damage with ranged weapons and melee attacks
   (+3).
   It provides partial protection from all sources of acid and corrosion.
 F - the ring "Zaraex" {+Fly rF+ MP+9 Dex-3}
   (You found it on level 5 of the Pits of Slime)

   [ring of magical power]

   It affects your dexterity (-3).
   It protects you from fire.
   It affects your magic capacity (+9).
   It lets you fly.
 I - an uncursed ring of see invisible
 M - the ring "Agaseb" (left hand) {+Inv rF+ Str+2 SInv}
   (You took it off a vault guard on level 5 of the Vaults)

   [ring of protection from fire]

   It affects your strength (+2).
   It protects you from fire.
   It lets you see invisible.
   It lets you turn invisible.
Wands
 n - a wand of digging (12)
 D - a wand of acid (19)
 E - a wand of iceblast (3)
 Y - a wand of paralysis (26)
Scrolls
 p - 7 scrolls of fear
 r - 28 scrolls of remove curse {@r2}
 s - 14 scrolls of teleportation
 y - 4 scrolls of magic mapping
 K - 13 scrolls of identify {@r1}
 O - 2 scrolls of enchant armour
 Q - 2 scrolls of silence
 U - a scroll of blinking
 W - 3 scrolls of fog
Potions
 g - 6 potions of mutation
 l - 10 potions of attraction
 q - 2 potions of flight
 t - 5 potions of brilliance
 A - 8 potions of ambrosia
 B - 4 potions of cancellation
 J - 6 potions of magic
 P - 3 potions of resistance
 R - 15 potions of curing
 X - 5 potions of berserk rage
Miscellaneous
 u - a condenser vane (inert)
 w - a phial of floods
 H - a lightning rod (4/4)
 L - a box of beasts
 N - a tin of tremorstones (2/2)
 T - a phantom mirror


   Skills:
 - Level 24.7 Fighting
 - Level 2.8 Short Blades
 - Level 17.9 Axes
 - Level 13.7(15.8) Slings
 - Level 12.4(14.5) Throwing
 - Level 20.0 Armour
 - Level 13.6 Dodging
 - Level 24.8 Shields
 - Level 5.0 Spellcasting
 - Level 10.0 Summonings
 - Level 10.0 Translocations
 - Level 10.0 Transmutations
 + Level 13.9 Earth Magic
 - Level 17.2 Invocations
 - Level 9.0 Evocations


You had 26 spell levels left.
You knew the following spells:

 Your Spells              Type           Power        Failure   Level
a - Blink                 Tloc           N/A          9%          2
b - Call Imp              Summ           15%          9%          2
c - Lesser Beckoning      Tloc           7%           19%         3
d - Passwall              Tmut/Erth      15%          4%          2
g - Apportation           Tloc           30%          6%          1

Your spell library contained the following spells:

 Spells                   Type           Power        Failure   Level
 Sandblast                Erth           42%          1%          1
 Beastly Appendage        Tmut           30%          6%          1
 Summon Small Mammal      Summ           60%          6%          1
 Wereblood                Tmut           15%          9%          2
 Call Canine Familiar     Summ           15%          19%         3
 Petrify                  Tmut/Erth      18%          26%         4
 Lee's Rapid Deconstruct  Erth           10%          32%         5
 Stone Arrow              Conj/Erth      22%          54%         3
 Portal Projectile        Hex/Tloc       16%          80%         3
 Spider Form              Tmut/Pois      4%           80%         3
 Summon Guardian Golem    Hex/Summ       8%           80%         3
 Blade Hands              Tmut           7%           86%         5
 Leda's Liquefaction      Hex/Erth       5%           91%         4
 Ignite Poison            Fire/Tmut/Pois 6%           96%         3
 Animate Skeleton         Necr           2%           98%         1
 Corona                   Hex            1%           98%         1
 Magic Dart               Conj           4%           98%         1
 Pain                     Necr           4%           98%         1
 Corpse Rot               Necr/Air       N/A          99%         2
 Ensorcelled Hibernation  Hex/Ice        2%           99%         2
 Slow                     Hex            1%           99%         2
 Sublimation of Blood     Necr           0%           99%         2
 Ice Form                 Ice/Tmut       8%           99%         4
 Summon Ice Beast         Ice/Summ       8%           99%         4
 Summon Lightning Spire   Summ/Air       8%           99%         4
 Statue Form              Tmut/Erth      12%          99%         6
 Confusing Touch          Hex            1%           100%        3
 Conjure Flame            Conj/Fire      1%           100%        3
 Dazzling Flash           Conj/Hex       2%           100%        3
 Inner Flame              Hex/Fire       1%           100%        3
 Mephitic Cloud           Conj/Pois/Air  1%           100%        3
 Ozocubu's Armour         Ice            1%           100%        3
 Tukima's Dance           Hex            1%           100%        3
 Vampiric Draining        Necr           0%           100%        3
 Animate Dead             Necr           0%           100%        4
 Cause Fear               Hex            0%           100%        4
 Dispel Undead            Necr           1%           100%        4
 Hailstorm                Conj/Ice       1%           100%        4
 Sticky Flame             Conj/Fire      1%           100%        4
 Agony                    Necr           1%           100%        5
 Alistair's Intoxication  Tmut/Pois      5%           100%        5
 Bolt of Magma            Conj/Fire/Erth 4%           100%        5
 Excruciating Wounds      Necr           0%           100%        5
 Irradiate                Conj/Tmut      4%           100%        5
 Iskenderun's Battlesphe  Conj           1%           100%        5
 Silence                  Hex/Air        0%           100%        5
 Conjure Ball Lightning   Conj/Air       0%           100%        6
 Eringya's Noxious Bog    Tmut/Pois      4%           100%        6
 Freezing Cloud           Conj/Ice/Air   0%           100%        6
 Hydra Form               Tmut           7%           100%        6
 Invisibility             Hex            1%           100%        6
 Iron Shot                Conj/Erth      5%           100%        6
 Simulacrum               Ice/Necr       0%           100%        6
 Dragon Form              Tmut           7%           100%        7
 Haunt                    Necr/Summ      4%           100%        7
 Orb of Destruction       Conj           0%           100%        7
 Spellforged Servitor     Conj/Summ      4%           100%        7
 Borgnjor's Revivificati  Necr           0%           100%        8
 Infestation              Necr           0%           100%        8
 Necromutation            Tmut/Necr      4%           100%        8
 Death's Door             Necr           0%           100%        9
 Shatter                  Erth           10%          100%        9
 Tornado                  Air            0%           100%        9


Dungeon Overview and Level Annotations

Branches:
Dungeon (15/15)            Temple (0/1) D:5            Lair (6/6) D:11
 Shoals (4/4) Lair:2       Spider (4/4) Lair:3        Slime (5/5) Lair:5
    Orc (2/2) D:11            Elf (3/3) Orc:2        Vaults (5/5) D:13
  Crypt (3/3) Vaults:3       Tomb (0/3) Crypt:3      Depths (5/5) D:15
    Zot (5/5) Depths:5

Altars:
Dithmenos
Gozag
Kikubaaqudgha
Makhleb
Nemelex Xobeh
Okawaru
Qazlal
Ru
Uskayaw
Yredelemnul
Zin
The Shining One
Beogh
Jiyva

Shops:
D:8 =((   D:14 !   D:15 [(*[:   Orc:2 *[*(   Elf:3 (   Shoals:2 *   Shoals:3 (
Vaults:1 *   Vaults:5 [

Portals:
Hell: Depths:1 Depths:2 Depths:3 Depths:4 Depths:5
Abyss: Depths:1 Depths:2 Depths:3 Depths:4
Pandemonium: Depths:3
Ziggurat: Depths:5

Annotations:
D:11 3 runed translucent doors, xraymikek's ghost, novice DrFE
Lair:3 exclusion: 2 oklob plants
Shoals:1 1 exclusion
Shoals:4 1 exclusion
Slime:2 1 exclusion
Slime:5 1 exclusion
Orc:1 Sonja
Orc:2 3 runed translucent doors, Hector's ghost, journeyman SpNe
Elf:2 3 runed translucent doors
Vaults:3 8 runed translucent doors, Eldin's ghost, veteran DEWz
Depths:3 1 runed translucent door


Innate Abilities, Weirdness & Mutations

You reflexively headbutt those who attack you in melee.
You have a pair of horns on your head.
You are partially covered in thin metallic scales. (AC +2)
Your skin changes colour to match your surroundings (Stealth+).
Your flesh is cold resistant. (rC+)
Your flesh is heat resistant. (rF+)
You have an increased reservoir of magic. (+10% MP)
You are strong-willed. (Will+)
You are robust. (+10% HP)
You sometimes yell uncontrollably at your foes.


Message History

You feel sick.
Casting: Apportation (safe; 6% risk of failure)
Confirm with . or Enter, or press ? or * to list all spells.
Aiming: Passwall (safe; 4% risk of failure)
Press: ? - help, Dir - move target A rock wall.
This square is covered in magical glow.
You feel sick. You block the Orb Guardian's attack. The Orb Guardian hits you!!
* * * LOW HITPOINT WARNING * * *
You block the Orb Guardian's attack.
You can no longer pass through a line of other dancers.
You begin to meditate on the wall.
You continue meditating on the rock.
You are engulfed in dark miasma.
You are more poisoned.
You feel as though you will be slow longer.
* * * LOW HITPOINT WARNING * * *
You feel very sick. You block Macahaku's attack.
You block the Orb Guardian's attack. Macahaku tramples you!!
You die...

#.##.##.#####..........# #.#
......'.#≈≈≈#..<.......# #.#####
####.##.#≈≈≈#..........# #......
#.##.#≈≈≈#..........####.#####
#.##.#####..........'....# #..
#.##..........?.....####.# #..
#.##................####.# #..
#.#####+#########'####...# #..
####.####..# #.@X☼☼...'...## #..
...........####.°&○○...##..####..
###.#####.....+.☼°§L...##.....'..
###'### #.#####...○○..°###.####..
.#....# #.# #######'####.# ###
.#....###.# #..&.##.# .'....#...#
#.##2##.# .#...)'.### #.##.##.#
.#....#.# #.##2##.######


You could see Macahaku, Xirigagu, an Orb Guardian, a lich and a balrug
(summoned).

Vanquished Creatures
  the Royal Jelly (Slime:5)
  7 orbs of fire
  Mennas (Crypt:2)
  Mara (Depths:1)
  A juggernaut (Depths:5)
  5 ancient liches
  Boris (Crypt:3)
  Sojobo (Crypt:2)
  Margery (Crypt:1)
  8 Killer Klowns (Zot:5)
  Frederick (Depths:3)
  Xtahua (Crypt:1)
  A curse toe (Zot:2)
  Nikola (Elf:3)
  10 golden dragons
  A Tzitzimitl (Zot:4)
  3 electric golems
  Rupert (D:13)
  7 liches
  Jorgrun (D:15)
  14 tentacled monstrosities
  24 Orb Guardians (Zot:5)
  6 titans
  Asterion (Depths:1)
  7 quicksilver dragons
  3 deep elf master archers (Elf:3)
  2 deep elf blademasters (Elf:3)
  8 death cobs
  4 sphinxes
  A tentacled starspawn (Abyss:3)
  17 acid blobs
  3 ancient champions
  A sphinx (shapeshifter) (Vaults:5)
  9 tengu reavers
  12 shadow dragons
  4 draconian monks
  Ilsuiw (Shoals:4)
  15 storm dragons
  3 revenants
  3 azure jellies
  2 iron dragons
  13 fire giants
  10 deep elf sorcerers
  8 frost giants
  3 draconian shifters
  6 ghost moths
  Louise (Spider:3)
  6 draconian knights
  6 draconian scorchers
  An orc warlord (Depths:3)
  24 vault wardens
  6 emperor scorpions
  4 deep elf elementalists
  Aizul (Depths:1)
  A spriggan defender (Depths:3)
  4 draconian stormcallers
  2 curse skulls
  15 ironheart preservers
  5 draconian annihilators
  A war gargoyle (Vaults:5)
  22 very ugly things
  8 green draconians
  Azrael (Spider:2)
  20 stone giants
  9 spark wasps
  5 white draconians
  9 vampire knights
  14 red draconians
  5 black draconians
  2 spectral titans (Crypt:3)
  13 deep elf annihilators
  7 purple draconians
  8 entropy weavers
  9 deep elf demonologists
  8 eidola
  9 yellow draconians
  3 merfolk javelineers
  10 deep elf death magi
  12 ettins
  25 yaktaur captains
  5 death oozes (Slime:5)
  5 merfolk impalers (Shoals:4)
  16 fire dragons
  Josephine (Orc:2)
  9 jiangshi
  A spectral quicksilver dragon (Crypt:3)
  4 deep elf high priests
  34 vault guards
  14 boulder beetles
  A spriggan air mage (Depths:3)
  A naga warrior (Abyss:3)
  2 alligator snapping turtles
  11 great orbs of eyes
  6 rakshasas
  4 centaur warriors
  A hydra (shapeshifter) (Depths:4)
  7 merfolk aquamancers
  6 death knights
  7 merfolk avatars
  14 ice dragons
  13 hydras
  A two-headed ogre (shapeshifter) (Depths:5)
  15 dancing weapons
  An alligator (Lair:5)
  15 ogre magi
  58 two-headed ogres
  12 death yaks
  A satyr (Shoals:4)
  15 deep troll shamans
  9 tengu warriors
  6 vampire magi
  11 deep troll earth magi
  5 thrashing horrors (Abyss:3)
  2 titan zombies (Crypt:1)
  6 spriggan berserkers
  A queen ant (Spider:2)
  12 hell knights
  17 deep elf knights
  A wretched star (Abyss:3)
  20 shadow wraiths
  2 sixfirhies (Abyss:3)
  A soul eater (Crypt:3)
  12 sea snakes
  A spatial maelstrom (Abyss:3)
  6 iron trolls
  7 skeletal warriors
  An entropy weaver zombie (Vaults:3)
  A storm dragon skeleton (Vaults:4)
  6 unseen horrors
  2 glowing orange brains (shapeshifter)
  40 deep trolls
  12 wizards
  11 flayed ghosts
  7 glowing orange brains
  32 phantasmal warriors
  18 deep elf archers
  A golden dragon skeleton (Crypt:1)
  2 tengu zombies (Vaults:3)
  12 ironbrand convokers
  7 mana vipers (Depths:3)
  13 necromancers
  28 orc knights
  A lindwurm (Lair:6)
  An obsidian statue (Zot:5)
  4 shining eyes
  27 wolf spiders
  A wolf spider zombie (Crypt:1)
  A mana viper (shapeshifter) (Vaults:1)
  7 orc sorcerers
  11 harpies
  9 orb spiders
  A spectral fire dragon (Crypt:3)
  65 deep elf magi
  54 ugly things
  13 manticores
  2 frost giant zombies
  A tengu skeleton (Vaults:3)
  25 moths of wrath
  A salamander (shapeshifter) (Vaults:3)
  6 cyclopes
  A salamander (Abyss:3)
  2 guardian serpents
  A moth of wrath (shapeshifter) (Vaults:5)
  6 merfolk sirens
  13 elephants
  8 black mambas
  5 water nymphs
  A naga mage (Abyss:3)
  18 vault sentinels
  A guardian serpent (shapeshifter) (Vaults:1)
  A rust devil (Depths:4)
  16 cane toads
  2 eyes of devastation
  2 gargoyles
  A torpor snail (Lair:3)
  2 yaktaur zombies
  An eye of devastation (shapeshifter) (Vaults:3)
  3 rime drakes
  2 minotaur zombies
  7 komodo dragons
  52 yaktaurs
  An anaconda simulacrum (Crypt:1)
  An efreet (Abyss:3)
  2 kobold demonologists (D:13)
  A rime drake (shapeshifter) (Vaults:2)
  A black draconian skeleton (Crypt:2)
  8 freezing wraiths
  14 demonic crawlers
  2 ice devils (D:13)
  2 human skeletons
  A hydra zombie (Crypt:3)
  A spectral harpy (Crypt:3)
  A ghost moth simulacrum (Crypt:2)
  6 tengu conjurers
  13 trolls
  A harpy zombie (Crypt:2)
  10 wind drakes
  47 jumping spiders
  3 meliai (shapeshifter)
  20 merfolk
  3 meliai (Spider:3)
  A troll (shapeshifter) (Depths:4)
  2 jumping spiders (shapeshifter)
  12 polar bears
  73 slime creatures
  10 raiju
  16 blink frogs
  A blink frog (shapeshifter) (Depths:4)
  A meliai zombie (D:13)
  10 snapping turtles
  15 hornets
  18 flying skulls
  An ice dragon skeleton (Crypt:3)
  6 dream sheep
  6 large abominations
  An ice dragon zombie (Crypt:3)
  A black mamba zombie (Crypt:3)
  12 water elementals
  37 tarantellas
  A centaur simulacrum (D:15)
  Eustachio (D:4)
  2 vampires
  2 spriggans (Depths:4)
  5 air elementals
  65 yaks
  86 redbacks
  A basilisk (shapeshifter) (Depths:1)
  15 wraiths
  9 shadows
  2 ettin skeletons
  14 wyverns
  3 ynoxinuls (Abyss:3)
  2 steam dragons
  2 vampire mosquitoes (D:15)
  4 golden eyes (Slime:5)
  3 basilisks
  2 humans (shapeshifter)
  3 human simulacra
  2 fire elementals
  A golden eye (shapeshifter) (Elf:1)
  A neqoxec (Abyss:3)
  12 wargs
  6 chaos spawn
  A swamp worm (shapeshifter) (Vaults:5)
  A merfolk zombie (Crypt:2)
  6 acid dragons
  2 soldier ants (shapeshifter) (Vaults:3)
  18 soldier ants
  Menkaure (D:6)
  An ogre zombie (Vaults:1)
  A cane toad zombie (Crypt:1)
  3 floating eyes
  15 hell hounds
  20 water moccasins
  A floating eye (shapeshifter) (Vaults:5)
  A gelid demonspawn skeleton (Crypt:1)
  2 sky beasts
  28 orc warriors
  6 eyes of draining
  2 ice beasts
  12 black bears
  An elf skeleton (Vaults:3)
  3 phantoms
  3 human zombies
  13 centaurs
  A swamp dragon zombie (Crypt:1)
  5 necrophages (D:9)
  53 ogres
  19 wolves
  3 boggarts (D:14)
  A spectral human (Crypt:3)
  An octopode zombie (Crypt:2)
  A big kobold (shapeshifter) (Depths:1)
  4 big kobolds
  5 earth elementals
  A draconian zombie (Crypt:1)
  28 bullfrogs
  A gnoll sergeant (D:10)
  A wyvern zombie (D:5)
  2 scorpions
  An orc simulacrum (Vaults:1)
  10 killer bees
  9 wights
  A raiju skeleton (Crypt:1)
  3 electric eels
  3 howler monkeys
  2 crimson imps
  6 small abominations
  3 bullfrog zombies
  2 centaur zombies
  6 hounds
  2 quasits
  6 centaur skeletons
  A gnoll shaman (D:5)
  26 jellies
  2 bullfrog skeletons
  21 orc priests
  4 iguanas
  24 orc wizards
  26 worker ants
  2 hell rats (D:11)
  A dwarf skeleton (Crypt:2)
  2 demigod skeletons
  A mummy (D:9)
  2 howler monkey zombies
  A howler monkey skeleton (D:4)
  10 adders
  11 gnolls
  A swamp drake zombie (Crypt:3)
  A swamp drake skeleton (Crypt:3)
  3 shadow imps
  4 white imps
  4 ufetubi
  13 oozes
  2 adder skeletons
  A lava snake skeleton (Crypt:1)
  3 worms
  A barachi skeleton (Crypt:3)
  9 leopard geckos
  93 orcs
  A ball python (D:1)
  6 giant cockroaches
  A gnoll zombie (Crypt:2)
  6 goblins
  7 hobgoblins
  7 jackals
  21 kobolds
  6 quokkas
  5 bats
  7 frilled lizards
  2 jackal skeletons (D:7)
  A kobold zombie (Crypt:3)
  2 leopard gecko zombies (D:7)
  A quokka skeleton (D:6)
  6 rats
  A river rat skeleton (Crypt:3)
  3 starspawn tentacles (Abyss:3)
2755 creatures vanquished.

Vanquished Creatures (collateral kills)
  A golden dragon (Depths:5)
  An Orb Guardian (Zot:5)
  A quicksilver dragon (Depths:3)
  A very ugly thing (Depths:5)
  2 spark wasps (Depths:5)
  A merfolk impaler (Shoals:4)
  A fire dragon (Depths:2)
  A jiangshi (Crypt:2)
  A great orb of eyes (Depths:2)
  A rakshasa (Depths:2)
  A hydra (D:13)
  A death yak (Lair:4)
  Urug (Lair:5)
  An orc knight (Depths:3)
  An orb spider (Spider:4)
  A torpor snail (Lair:4)
  A merfolk (Shoals:4)
  A water elemental (Depths:2)
  2 redbacks (Spider:4)
  3 fire elementals (Spider:2)
  A water moccasin (Lair:5)
  A hell hound (Spider:2)
26 creatures vanquished.

Vanquished Creatures (others)
  A draconian knight (Zot:3)
  A very ugly thing (Depths:5)
  2 spark wasps
  A merfolk javelineer (Shoals:4)
  A centaur warrior (Vaults:3)
  2 dancing weapons (Elf:2)
  A merfolk aquamancer (Shoals:4)
  A hell knight (Depths:2)
  An orc knight (Vaults:3)
  A raiju (Abyss:3)
  A redback (Spider:4)
  A tarantella (Spider:4)
  A fire elemental (Spider:2)
  A hell hound (Spider:2)
  An orc warrior (Vaults:3)
  An ogre (Orc:2)
  50 fungi
  A lurking horror (Abyss:3)
  137 plants
  3 starspawn tentacles (Abyss:3)
  5 tentacles (Shoals:1)
  2 withered plants (D:9)
216 creatures vanquished.

Grand Total: 2997 creatures vanquished

Notes
Turn   | Place    | Note
-------+----------+-------------------------------------------
     0 | D:1      | dolemite99 the Minotaur Fighter began the quest for the
                  | Orb.
     0 | D:1      | Reached XP level 1. HP: 19/19 MP: 0/0
   230 | D:1      | Reached XP level 2. HP: 27/27 MP: 1/1
   640 | D:2      | Reached XP level 3. HP: 28/33 MP: 2/2
  1086 | D:2      | Found a hide-covered altar of Uskayaw.
  1110 | D:2      | Became a worshipper of Uskayaw the Reveller
  1119 | D:2      | Reached * piety under Uskayaw
  1292 | D:3      | Reached ** piety under Uskayaw
  1299 | D:3      | Reached XP level 4. HP: 35/40 MP: 3/3
  1664 | D:3      | Found a glowing silver altar of Zin.
  1702 | D:3      | Noticed an ogre
  1713 | D:3      | Killed an ogre
  1714 | D:3      | Reached XP level 5. HP: 23/47 MP: 4/4
  1897 | D:3      | Found an opulent altar of Gozag.
  2440 | D:4      | Reached skill level 5 in Axes
  2450 | D:4      | Noticed Eustachio
  2452 | D:4      | Noticed an ogre
  2483 | D:3      | Reached XP level 6. HP: 25/55 MP: 5/5
  2488 | D:3      | Reached skill level 5 in Fighting
  2488 | D:3      | Reached skill level 5 in Armour
  2488 | D:3      | Reached skill level 5 in Shields
  2770 | D:4      | Killed Eustachio
  2771 | D:4      | Reached XP level 7. HP: 44/61 MP: 6/6
  3277 | D:5      | Entered Level 5 of the Dungeon
  3312 | D:5      | Reached *** piety under Uskayaw
  3844 | D:5      | Reached XP level 8. HP: 62/70 MP: 5/7
  4437 | D:5      | Found a staircase to the Ecumenical Temple.
  4530 | D:6      | Reached **** piety under Uskayaw
  5037 | D:6      | Found a shadowy altar of Dithmenos.
  5037 | D:6      | Found a basalt altar of Yredelemnul.
  5300 | D:6      | Noticed Menkaure
  5314 | D:6      | Killed Menkaure
  5411 | D:6      | Found a burning altar of Makhleb.
  5700 | D:6      | Found a sacrificial altar of Ru.
  5834 | D:7      | Found a sparkling altar of Nemelex Xobeh.
  6364 | D:7      | Found an iron altar of Okawaru.
  6936 | D:8      | Reached XP level 9. HP: 72/78 MP: 8/8
  7228 | D:8      | Found Ukinwios's Weapon Emporium.
  7303 | D:8      | Found Jyphicwu's Weapon Shoppe.
  7311 | D:8      | Bought a +0 morningstar of protection for 74 gold pieces
  7316 | D:8      | Noticed a two-headed ogre
  7328 | D:8      | Killed a two-headed ogre
  7329 | D:8      | Reached skill level 10 in Axes
  7600 | D:8      | Reached skill level 1 in Short Blades
  8394 | D:8      | Found Duasig's Jewellery Emporium.
  8502 | D:8      | Bought 7 curare-tipped darts for 63 gold pieces
  8958 | D:9      | Noticed a troll
  8969 | D:9      | Killed a troll
  8970 | D:9      | Reached XP level 10. HP: 57/90 MP: 4/9
  9612 | D:9      | Reached ***** piety under Uskayaw
 10125 | D:10     | Entered Level 10 of the Dungeon
 10903 | D:10     | Noticed a two-headed ogre
 10942 | D:10     | Killed a two-headed ogre
 10943 | D:10     | Reached XP level 11. HP: 51/99 MP: 7/10
 10976 | D:10     | Reached skill level 1 in Invocations
 11319 | D:10     | Noticed a white ugly thing
 11338 | D:10     | Killed a white ugly thing
 12264 | D:11     | Noticed a death yak
 12264 | D:11     | Noticed a death yak
 12264 | D:11     | Noticed a death yak
 12281 | D:11     | Reached skill level 5 in Invocations
 12284 | D:11     | Killed a death yak
 12302 | D:11     | Killed a death yak
 12312 | D:11     | Killed a death yak
 12590 | D:11     | Found a staircase to the Lair.
 12616 | D:11     | Found a staircase to the Orcish Mines.
 12720 | D:11     | Found a runed translucent gate.
 12720 | D:11     | Found a runed translucent gate.
 12720 | D:11     | Found a runed translucent gate.
 12721 | D:11     | Identified the +7 dagger "Nuzistroa" {chaos, rPois rN+++
                  | Will- SInv}
 12722 | D:11     | Noticed xraymikek's ghost (novice DrFE)
 12756 | D:11     | Noticed a tengu warrior
 12777 | D:11     | Killed a tengu warrior
 13243 | Lair:1   | Entered Level 1 of the Lair of Beasts
 13294 | Lair:1   | Reached ****** piety under Uskayaw
 13421 | Lair:1   | Reached XP level 12. HP: 106/106 MP: 17/17
 13450 | Lair:1   | Noticed a four-headed hydra
 13461 | Lair:1   | Killed a one-headed hydra
 13910 | Lair:2   | Reached skill level 15 in Axes
 14102 | Lair:2   | Noticed a four-headed hydra
 14112 | Lair:2   | Killed a one-headed hydra
 14243 | Lair:2   | Got a bloodstained plate armour
 14259 | Lair:2   | Identified the cursed +0 plate armour "Taqena" {rElec
                  | rCorr} (You found it on level 2 of the Lair of Beasts)
 14666 | Lair:2   | Found a staircase to the Shoals.
 14683 | Lair:2   | Reached skill level 1 in Evocations
 15146 | Lair:3   | Found a hole to the Spider Nest.
 15166 | Lair:3   | Reached skill level 1 in Throwing
 15179 | Lair:3   | Noticed a seven-headed hydra
 15187 | Lair:3   | Killed a two-headed hydra
 15406 | Lair:3   | Found a glowing silver altar of Zin.
 16509 | Lair:4   | Reached XP level 13. HP: 113/113 MP: 18/18
 16799 | Lair:4   | Reached skill level 10 in Invocations
 18219 | Lair:5   | Found a staircase to the Slime Pits.
 18267 | Lair:5   | Noticed Urug
 18284 | Lair:5   | Killed Urug
 18752 | Lair:5   | Reached XP level 14. HP: 79/119 MP: 16/23
 19567 | Lair:6   | Entered Level 6 of the Lair of Beasts
 20076 | Lair:6   | Reached skill level 15 in Invocations
 20959 | Lair:6   | Reached skill level 10 in Fighting
 22027 | D:8      | Bought the amulet "Onlocil" {Faith Int+6} for 774 gold
                  | pieces
 22110 | Orc:1    | Entered Level 1 of the Orcish Mines
 22199 | Orc:2    | Entered Level 2 of the Orcish Mines
 22199 | Orc:2    | Found a staircase to the Elven Halls.
 22339 | Orc:2    | Reached XP level 15. HP: 122/128 MP: 26/26
 22441 | Orc:2    | Paralysed by an orc sorcerer for 4 turns
 22447 | Orc:2    | Paralysed by an orc sorcerer for 4 turns
 22553 | Orc:2    | Found Leir's Antique Weapon Shop.
 22565 | Orc:2    | Reached skill level 10 in Shields
 22571 | Orc:2    | Found Waprapru's General Store.
 22592 | Orc:2    | Reached skill level 10 in Armour
 22862 | Orc:2    | Found Othuv's Armour Shoppe.
 22863 | Orc:2    | Bought a fustibalus for 375 gold pieces
 24171 | Orc:2    | Found Niudisell's Assorted Antiques.
 24305 | Orc:2    | Found a runed translucent gate.
 24305 | Orc:2    | Found a runed translucent gate.
 24305 | Orc:2    | Found a runed translucent gate.
 24343 | Orc:2    | Noticed Hector's ghost (journeyman SpNe)
 24346 | Orc:2    | Identified the cursed +0 glaive of Herghew {protect, Int+9}
 24414 | Orc:2    | Bought a potion of might for 40 gold pieces
 24534 | Orc:2    | Found a roughly hewn altar of Beogh.
 24581 | Orc:1    | Reached skill level 1 in Slings
 24779 | Orc:1    | Noticed Josephine
 24779 | Orc:1    | Noticed Sonja
 24793 | Orc:2    | Killed Josephine
 25127 | Orc:1    | You fall into a shaft and drop 1 floor!
 25431 | D:12     | Reached skill level 5 in Slings
 25869 | D:12     | Found a stormy altar of Qazlal.
 27044 | D:13     | Noticed Rupert
 27063 | D:13     | Killed Rupert
 28010 | D:13     | Found a gate to the Vaults.
 29150 | D:14     | Reached XP level 16. HP: 69/137 MP: 27/27
 29919 | D:14     | Found a glowing golden altar of the Shining One.
 29962 | D:14     | Found Jup Jail's Distillery.
 29971 | D:14     | Bought a potion of resistance for 100 gold pieces
 30075 | D:15     | Entered Level 15 of the Dungeon
 30088 | D:15     | Found Nis Weib's Antique Weapon Emporium.
 30091 | D:15     | Bought a translucent broad axe for 297 gold pieces
 30093 | D:15     | Identified the +7 broad axe of Exkeneic {vorpal, rPois}
                  | (You bought it in a shop on level 15 of the Dungeon)
 30153 | D:15     | Found Rutuarai's Armour Shoppe.
 30209 | D:15     | Found Vocliud's Book Emporium.
 30328 | D:15     | Noticed Jorgrun
 30341 | D:15     | Killed Jorgrun
 30736 | D:15     | Found a staircase to the Depths.
 31274 | D:15     | Found Weynn's Antique Armour Emporium.
 31535 | D:15     | Found Qoduzeg's Assorted Antiques.
 31538 | D:15     | Bought a scroll labelled RIOHOKH HELALY for 33 gold pieces
 31557 | D:15     | Reached skill level 15 in Shields
 31796 | Spider:1 | Entered Level 1 of the Spider Nest
 33032 | Spider:2 | Noticed Azrael
 33497 | Spider:2 | Killed Azrael
 33723 | Spider:2 | Reached skill level 5 in Evocations
 34489 | Spider:3 | Noticed Louise
 34504 | Spider:3 | Cast into level 3 of the Abyss (Louise)
 34564 | Abyss:3  | Found a corrupted altar of Lugonu.
 34565 | Abyss:3  | Noticed a tentacled starspawn
 34597 | Abyss:3  | Killed a tentacled starspawn
 34694 | Abyss:3  | Reached XP level 17. HP: 67/144 MP: 19/19
 35305 | Abyss:3  | Found a corrupted altar of Lugonu.
 35404 | Abyss:3  | Noticed a lich
 35418 | Abyss:3  | Killed a lich
 35420 | Spider:3 | Escaped the Abyss
 35432 | Spider:3 | Killed Louise
 37349 | Spider:4 | Entered Level 4 of the Spider Nest
 37411 | Spider:4 | Reached skill level 10 in Slings
 39558 | Spider:4 | Reached XP level 18. HP: 137/157 MP: 0/29
 41258 | Spider:4 | Got a gossamer rune of Zot
 41646 | Vaults:1 | Entered Level 1 of the Vaults
 41646 | Vaults:1 | Found Udyhuex's General Store.
 41649 | Vaults:1 | Bought a wand of acid (5) for 252 gold pieces
 44363 | Vaults:1 | Paralysed by a great orb of eyes for 7 turns
 45211 | Vaults:2 | Identified the +6 chain mail of Rairat {Str+4} (You found
                  | it on level 2 of the Vaults)
 45964 | Vaults:2 | Noticed a Brimstone Fiend
 45982 | Vaults:2 | Reached XP level 19. HP: 169/169 MP: 30/30
 45984 | Vaults:2 | Reached skill level 15 in Fighting
 45984 | Vaults:2 | Reached skill level 15 in Armour
 47599 | Vaults:3 | Found a large runed translucent door.
 47599 | Vaults:3 | Found a large runed translucent door.
 47599 | Vaults:3 | Found a large runed translucent door.
 47599 | Vaults:3 | Found a large runed translucent door.
 47599 | Vaults:3 | Found a large runed translucent door.
 47599 | Vaults:3 | Found a large runed translucent door.
 47599 | Vaults:3 | Noticed Eldin's ghost (veteran DEWz)
 47600 | Vaults:3 | Found a large runed translucent door.
 47600 | Vaults:3 | Found a large runed translucent door.
 48614 | Vaults:3 | Found a staircase to the Crypt.
 49743 | Vaults:3 | Reached XP level 20. HP: 183/184 MP: 31/31
 50913 | D:15     | Bought the +3 pair of gauntlets of War {Slay+5} for 902
                  | gold pieces
 50913 | D:15     | Found the +3 pair of gauntlets of War {Slay+5}
 51109 | Shoals:1 | Entered Level 1 of the Shoals
 52801 | Shoals:2 | Found Ytyll's General Store.
 53350 | Shoals:3 | Found Cuockui's Antique Weapon Boutique.
 53751 | Shoals:4 | Entered Level 4 of the Shoals
 53781 | Shoals:4 | Identified the Incunabulum of Warped Battle Magic
 53971 | Shoals:4 | Noticed Ilsuiw
 55009 | Shoals:4 | Killed Ilsuiw
 56629 | Shoals:4 | Got a barnacled rune of Zot
 56892 | Elf:1    | Entered Level 1 of the Elven Halls
 57056 | Elf:1    | Reached XP level 21. HP: 195/195 MP: 32/32
 59373 | Elf:2    | Found a runed translucent gate.
 59378 | Elf:2    | Found a runed translucent gate.
 59384 | Elf:2    | Found a runed translucent gate.
 59678 | Depths:1 | Entered Level 1 of the Depths
 59815 | Depths:1 | Noticed Mara
 59817 | Depths:1 | Identified the ring of the Invisible Hand {*Tele rN+ Int+3
                  | Stlth+}
 59832 | Depths:1 | Killed Mara
 60531 | Depths:1 | Found a sparkling altar of Nemelex Xobeh.
 60752 | Depths:1 | Found a gateway to Hell.
 60991 | Depths:1 | Noticed Aizul
 61003 | Depths:1 | Killed Aizul
 61212 | Depths:1 | Noticed Asterion
 61225 | Depths:1 | Killed Asterion
 61294 | Depths:1 | You fall into a shaft and drop 1 floor!
 61435 | Depths:1 | Found a one-way gate to the infinite horrors of the Abyss.
 61725 | Depths:1 | You fall into a shaft and drop 1 floor!
 61758 | Depths:2 | Reached XP level 22. HP: 204/209 MP: 33/33
 62792 | Depths:2 | Paralysed by a vampire knight for 2 turns
 63111 | Depths:2 | Identified the +7 scimitar of Xirameqo {vorpal, rElec Str+4
                  | Int-2} (You found it on level 2 of the Depths)
 63790 | Depths:3 | Noticed Frederick
 64368 | Depths:3 | Found a one-way gate leading to the halls of Pandemonium.
 64374 | Depths:3 | Killed Frederick
 65434 | Depths:3 | Found a runed translucent door.
 65439 | Depths:3 | Noticed an ancient lich
 65560 | Depths:3 | Found a runed translucent door.
 66951 | Depths:4 | Reached XP level 23. HP: 222/222 MP: 34/34
 67540 | Depths:4 | You fall into a shaft and drop 1 floor!
 67540 | Depths:5 | Entered Level 5 of the Depths
 67541 | Depths:5 | Noticed a juggernaut
 67549 | Depths:5 | Killed a juggernaut
 69569 | Depths:5 | Found a gate to the Realm of Zot.
 70707 | Depths:5 | Found a gateway to a ziggurat.
 71080 | Depths:4 | Reached XP level 24. HP: 233/237 MP: 34/34
 71299 | Elf:3    | Entered Level 3 of the Elven Halls
 72073 | D:8      | Bought an uncursed ring of resist corrosion for 260 gold
                  | pieces
 72655 | Elf:3    | Noticed Nikola
 72667 | Elf:3    | Killed Nikola
 73139 | Elf:3    | Found the amulet of the Air {Inacc +Fly rElec EV+5 RMsl}
 73140 | Elf:3    | Found Epsoes's Antique Weapon Shop.
 73810 | Elf:3    | Identified the +5 flail of the Purple Skies {speed, Int+3
                  | Dex+4}
 73810 | Elf:3    | Identified the amulet "Aruckel" {rN+ Regen+}
 73849 | Elf:3    | Identified the +7 morningstar of Bedazzling Duty {vorpal,
                  | +Inv Int+3}
 74006 | Elf:3    | Identified the ring of the Duke {+Fly rPois}
 74052 | Elf:3    | Identified the cursed +0 fire dragon scales of Starshine
                  | {rF++ rC- Str+4}
 74065 | Elf:3    | Identified the +4 dagger of No Interval {flame, MP+9 Int+3}
 74146 | Elf:3    | Identified the +8 flail of Makhleb's Esteem {speed, rElec}
 74260 | Elf:3    | Identified the +5 mace of Pubieck {venom, *Corrode rF+
                  | Dex+4}
 74378 | Elf:3    | Identified the +5 glaive "Leviticus" {venom, rElec Dex+4}
 74378 | Elf:3    | Identified the amulet of Zumuorch {RegenMP rPois}
 74430 | Elf:3    | Identified the ring of Descent {rCorr Slay+3}
 74456 | Elf:3    | Identified Cuzunade's Guide on the Snowflakes
 76614 | Orc:2    | Bought a potion of resistance for 270 gold pieces
 76614 | Orc:2    | Bought a tin of tremorstones (2/2) for 1080 gold pieces
 76808 | Slime:1  | Entered Level 1 of the Pits of Slime
 76960 | Slime:1  | Reached skill level 5 in Throwing
 76966 | Slime:1  | Gained mutation: Your body sometimes deteriorates upon
                  | taking damage. [a shining eye]
 77841 | Slime:5  | Entered Level 5 of the Pits of Slime
 77991 | Slime:5  | Reached skill level 10 in Throwing
 78035 | Slime:5  | Noticed the Royal Jelly
 78037 | Slime:5  | Found a viscous altar of Jiyva.
 78048 | Slime:5  | Killed the Royal Jelly
 78324 | Slime:5  | Got an ancient amber ring
 78325 | Slime:5  | Identified the ring "Vueff" {+Blink Str+6 Int+2 Dex+4} (You
                  | found it on level 5 of the Pits of Slime)
 78342 | Slime:5  | Identified the +4 pair of boots of Rynlef {Str+4} (You
                  | found it on level 5 of the Pits of Slime)
 78376 | Slime:5  | Identified the +9 fustibalus of the Baking Sybil {freeze,
                  | +Inv rElec rC- rN++} (You found it on level 5 of the Pits
                  | of Slime)
 78426 | Slime:5  | Identified the ring "Ymmaunk" {*Tele +Blink rC+ Int-5
                  | Slay+2} (You found it on level 5 of the Pits of Slime)
 78439 | Slime:5  | Got a slimy rune of Zot
 78441 | Slime:5  | Identified the ring "Zaraex" {+Fly rF+ MP+9 Dex-3} (You
                  | found it on level 5 of the Pits of Slime)
 78460 | Slime:5  | Identified the +7 chain mail of Shielding {Regen+ Str+3
                  | Int+5 Dex+2} (You found it on level 5 of the Pits of Slime)
 79344 | Depths:4 | Learned a level 2 spell: Blink
 79653 | Crypt:1  | Entered Level 1 of the Crypt
 80723 | Crypt:1  | Noticed Xtahua
 80724 | Crypt:1  | Reached skill level 1 in Translocations
 80747 | Crypt:1  | Killed Xtahua
 80778 | Crypt:1  | Reached XP level 25. HP: 113/245 MP: 34/34
 81101 | Crypt:1  | Noticed Margery
 81132 | Crypt:1  | Killed Margery
 81133 | Crypt:1  | Reached skill level 5 in Translocations
 81919 | Crypt:2  | Noticed Mennas
 81950 | Crypt:2  | Found an ancient bone altar of Kikubaaqudgha.
 82257 | Crypt:2  | Noticed Sojobo
 82271 | Crypt:2  | Killed Sojobo
 82351 | Crypt:2  | Killed Mennas
 82574 | Crypt:3  | Entered Level 3 of the Crypt
 82719 | Crypt:3  | Reached skill level 1 in Spellcasting
 82724 | Crypt:3  | Noticed Boris
 82736 | Crypt:3  | Killed Boris
 82749 | Crypt:3  | Identified a scroll of acquirement
 82752 | Crypt:3  | Acquired the +3 sling "Punk" {acid, rCorr}
 82753 | Crypt:3  | Found the +3 sling "Punk" {acid, rCorr}
 82776 | Crypt:3  | Identified the +4 flail of Attainder {flame, *Slow Dex+5}
 83212 | Crypt:3  | Found a staircase to the Tomb.
 83340 | Crypt:3  | Reached skill level 5 in Spellcasting
 83390 | Crypt:3  | Found a basalt altar of Yredelemnul.
 83595 | Crypt:3  | Identified the Disquisition on Stolen Souls
 83598 | Crypt:3  | Identified the ring of Vecaez {+Inv rCorr Int-5 Stlth+}
                  | (You found it on level 3 of the Crypt)
 83977 | Crypt:3  | Learned a level 3 spell: Lesser Beckoning
 84491 | Orc:2    | Bought a scroll of teleportation for 81 gold pieces
 84918 | Vaults:4 | Reached skill level 10 in Translocations
 85358 | Vaults:4 | Reached XP level 26. HP: 255/255 MP: 32/34
 85764 | Vaults:5 | Entered Level 5 of the Vaults
 86285 | Vaults:5 | Reached skill level 1 in Dodging
 86673 | Vaults:5 | Identified the ring "Agaseb" {+Inv rF+ Str+2 SInv}
 86688 | Vaults:5 | Found the +6 lightning scales {run, rElec}
 86712 | Vaults:5 | Reached skill level 5 in Dodging
 87071 | Vaults:5 | Identified the +2 plate armour of Benevolence {rN+ rCorr}
 87134 | Vaults:5 | Identified the ring "Eleesyh" {rElec rF+ rC+ Will+ Str-3}
 87440 | Vaults:5 | Reached skill level 10 in Dodging
 88105 | Vaults:5 | Got a silver rune of Zot
 88109 | Vaults:5 | Noticed an ancient lich
 88114 | Vaults:5 | Killed an ancient lich
 88220 | Vaults:5 | Identified the +4 ring mail of Dickekad {rC- rN+++ Stlth+}
 88319 | Vaults:5 | Found Voilar's Armour Shop.
 89119 | Zot:1    | Entered Level 1 of the Realm of Zot
 89344 | D:15     | Bought a book of Callings for 510 gold pieces
 89348 | D:15     | Learned a level 2 spell: Call Imp
 89510 | Zot:1    | Reached skill level 1 in Summonings
 89588 | Zot:1    | Reached XP level 27. HP: 228/264 MP: 34/34
 89880 | Zot:1    | Reached skill level 5 in Summonings
 90026 | Zot:1    | Learned a level 2 spell: Passwall
 90977 | Zot:2    | Noticed an orb of fire
 90977 | Zot:2    | Gained mutation: You tend to lose your temper in combat.
                  | [an orb of fire]
 90987 | Zot:2    | Gained mutation: You are frail. (-10% HP) [an orb of fire]
 90989 | Zot:2    | Killed an orb of fire
 91022 | Zot:2    | Lost mutation: You are frail. (-10% HP) [potion of
                  | mutation]
 91022 | Zot:2    | Lost mutation: Your body sometimes deteriorates upon taking
                  | damage. [potion of mutation]
 91022 | Zot:2    | Gained mutation: You have a somewhat thin skeletal
                  | structure. (Dex +2, Stealth) [potion of mutation]
 91022 | Zot:2    | Gained mutation: Your muscles are strong. (Str +2) [potion
                  | of mutation]
 91023 | Zot:2    | Lost mutation: Your muscles are strong. (Str +2) [potion of
                  | mutation]
 91023 | Zot:2    | Lost mutation: You have a somewhat thin skeletal structure.
                  | (Dex +2, Stealth) [potion of mutation]
 91023 | Zot:2    | Lost mutation: You tend to lose your temper in combat.
                  | [potion of mutation]
 91023 | Zot:2    | Gained mutation: You are occasionally teleported next to
                  | monsters. [potion of mutation]
 91023 | Zot:2    | Gained mutation: You can translocate small distances at
                  | will. [potion of mutation]
 91023 | Zot:2    | Gained mutation: Your skin changes colour to match your
                  | surroundings (Stealth+). [potion of mutation]
 91023 | Zot:2    | Gained mutation: Your muscles are strong. (Str +2) [potion
                  | of mutation]
 92978 | Zot:3    | Noticed an orb of fire
 92986 | Zot:3    | Gained mutation: You are clumsy. (Dex -2) [an orb of fire]
 92990 | Zot:3    | Reached skill level 10 in Summonings
 92990 | Zot:3    | Reached skill level 1 in Earth Magic
 92993 | Zot:3    | Killed an orb of fire
 93040 | Zot:3    | Reached skill level 5 in Earth Magic
 93457 | Zot:3    | Found the +10 morningstar "Eos" {elec, Halo rElec}
 95398 | Zot:5    | Entered Level 5 of the Realm of Zot
 95412 | Zot:5    | Reached skill level 10 in Earth Magic
 95551 | Zot:5    | Noticed an ancient lich
 95551 | Zot:5    | Noticed an orb of fire
 95551 | Zot:5    | Noticed an orb of fire
 95551 | Zot:5    | Noticed an orb of fire
 95552 | Zot:5    | Gained mutation: Your magical capacity is low. (-10% MP)
                  | [an orb of fire]
 95562 | Zot:5    | Gained mutation: Scrolls take you a little longer to read.
                  | [an orb of fire]
 95576 | Zot:5    | Noticed an orb of fire
 95582 | Zot:5    | Gained mutation: Scrolls take you longer to read. [an orb
                  | of fire]
 95583 | Zot:5    | Noticed an orb of fire
 95585 | Zot:5    | Gained mutation: Scrolls take you much longer to read. [an
                  | orb of fire]
 95604 | Zot:5    | Reached skill level 5 in Transmutations
 95624 | Zot:5    | Lost mutation: Scrolls take you much longer to read.
                  | [potion of mutation]
 95624 | Zot:5    | Lost mutation: Scrolls take you longer to read. [potion of
                  | mutation]
 95624 | Zot:5    | Lost mutation: Scrolls take you a little longer to read.
                  | [potion of mutation]
 95624 | Zot:5    | Gained mutation: Your spells are a little easier to cast,
                  | but a little less powerful. [potion of mutation]
 95624 | Zot:5    | Lost mutation: Your spells are a little easier to cast, but
                  | a little less powerful. [potion of mutation]
 95625 | Zot:5    | Lost mutation: You are clumsy. (Dex -2) [potion of
                  | mutation]
 95625 | Zot:5    | Lost mutation: You can translocate small distances at will.
                  | [potion of mutation]
 95625 | Zot:5    | Lost mutation: Your muscles are strong. (Str +2) [potion of
                  | mutation]
 95625 | Zot:5    | Gained mutation: You do not regenerate when monsters are
                  | visible. [potion of mutation]
 95625 | Zot:5    | Gained mutation: Armour fits poorly on your strangely
                  | shaped body. [potion of mutation]
 95625 | Zot:5    | Gained mutation: You are partially covered in thin metallic
                  | scales. (AC +2) [potion of mutation]
 95626 | Zot:5    | Lost mutation: Armour fits poorly on your strangely shaped
                  | body. [potion of mutation]
 95626 | Zot:5    | Lost mutation: Your magical capacity is low. (-10% MP)
                  | [potion of mutation]
 95626 | Zot:5    | Gained mutation: You are robust. (+10% HP) [potion of
                  | mutation]
 95626 | Zot:5    | Gained mutation: You have an increased reservoir of magic.
                  | (+10% MP) [potion of mutation]
 95627 | Zot:5    | Lost mutation: You are occasionally teleported next to
                  | monsters. [potion of mutation]
 95627 | Zot:5    | Lost mutation: You do not regenerate when monsters are
                  | visible. [potion of mutation]
 95627 | Zot:5    | Gained mutation: You are strong-willed. (Will+) [potion of
                  | mutation]
 95627 | Zot:5    | Gained mutation: You are highly strong-willed. (Will++)
                  | [potion of mutation]
 95928 | D:14     | Bought a potion of magic for 80 gold pieces
 95928 | D:14     | Bought a potion of brilliance for 40 gold pieces
 95928 | D:14     | Bought a potion of flight for 30 gold pieces
 95928 | D:14     | Bought a potion of flight for 30 gold pieces
 95928 | D:14     | Bought a potion of curing for 30 gold pieces
 95928 | D:14     | Bought a potion of attraction for 30 gold pieces
 95928 | D:14     | Bought a potion of mutation for 80 gold pieces
 96258 | Zot:5    | Learned a level 1 spell: Apportation
 96533 | Zot:5    | Killed an ancient lich
 96585 | Zot:5    | Lost mutation: You are highly strong-willed. (Will++) [an
                  | orb of fire]
 96595 | Zot:5    | Killed an orb of fire
 97214 | Zot:5    | Identified the +0 hat "Nocousho" {+Blink rC+ Will+ Str-2}
                  | (You found it on level 5 of the Realm of Zot)
 97293 | Zot:5    | Noticed an ancient lich
 97309 | Zot:5    | Killed an ancient lich
 97371 | Zot:5    | Gained mutation: Your flesh is cold resistant. (rC+) [an
                  | orb of fire]
 97374 | Zot:5    | Killed an orb of fire
 97429 | Zot:5    | Gained mutation: Your flesh is heat resistant. (rF+) [an
                  | orb of fire]
 97434 | Zot:5    | Killed an orb of fire
 97442 | Zot:5    | Gained mutation: You occasionally shout uncontrollably at
                  | your foes. [an orb of fire]
 97455 | Zot:5    | Killed an orb of fire
 97456 | Zot:5    | Noticed an ancient lich
 97458 | Zot:5    | Gained mutation: You sometimes yell uncontrollably at your
                  | foes. [an orb of fire]
 97466 | Zot:5    | Killed an orb of fire
 97467 | Zot:5    | Reached skill level 10 in Transmutations
 97476 | Zot:5    | Killed an ancient lich
 99027 | Zot:5    | Noticed an ancient lich
 99036 | Zot:5    | Killed an ancient lich
 99424 | Zot:5    | Got the Orb of Zot
 99471 | Zot:4    | Noticed Macahaku the pandemonium lord
 99484 | Zot:4    | Noticed Xirigagu the pandemonium lord
 99495 | Zot:4    | Mangled by Macahaku the pandemonium lord

Illustrated notes

Levels and vault maps discovered:
D:1:      minmay_arrival_shattered_statue, layout_loops_ring, minmay_tripent
D:2:      layout_rooms, eat_drink_and_be_merry_uskayaw, minmay_tetromino_l4
D:3:      layout_loops_ring, nicolae_overflow_hidden_temple, grunt_gozag_statues
D:4:      layout_rooms, uniq_eustachio
D:5:      layout_cave_pools, minmay_temple_entry_proselytizer,
          serial_bayou_lake_a
D:6:      layout_cave_pods, makhleb_grotto_becter, lemuel_round_altar,
          chequers_temple_overflow_statue_of_worship, uniq_menkaure
D:7:      layout_loops_cross, lemuel_coloured_pillars_altar, lemuel_round_altar
D:8:      layout_loops_ring, serial_shops, shop, shop, shop,
          serial_bayou_pond_c, chequers_serial_rivers_small_3
D:9:      layout_irregular_city, serial_undead, serial_undead_f,
          serial_undead_f, serial_undead_f, serial_undead_e
D:10:     layout_basic, lightli_orcish_oven
D:11:     layout_rooms, dpeg_lair_monsters, orc_0_dummy,
          gammafunk_ghost_nasty_kobolds, roderic_roman_lattice
D:12:     layout_basic, lemuel_centaur_altar
D:13:     layout_gridville, david_vaults_4, portal_ice_cave_demonic_guard,
          minivault_24, hangedman_abyss_or_decor_stagger,
          minmay_misc_feat_four_crosses, uniq_rupert
D:14:     layout_irregular_city, serial_shops, shop,
          nicolae_tso_carved_into_rock
D:15:     grunt_enter_depths_magical_seal, layout_basic, serial_shops,
          nicolae_shop_behind_doors, shop, shop, shop,
          nicolae_shop_window_shopping, serial_park_gazebo
          [serial_park_minivault_5x5_2], uniq_jorgrun
Lair:1:   layout_cave_shapes
Lair:2:   layout_cave_pods, minmay_shoals_entry_beasts,
          eino_small_chamber_without_monster
Lair:3:   layout_loops_ring, nicolae_spider_entry_tight_spaces, basic_altar,
          minmay_lair_oklob_chamber, grunt_megastairs_1,
          infiniplex_staircase_pool
Lair:4:   layout_cave_pods, cheibrodos_lair_caveside_slide
Lair:5:   lemuel_slime, layout_regular_city, minmay_slime_entry_jelly_boxes,
          chequers_serial_rivers_small_a, minmay_shattered_shrine, uniq_urug
Lair:6:   hangedman_lair_tendril_chambers, layout_regular_city,
          hangedman_lair_caniforms_friends, eino_small_chamber_without_monster
Shoals:1: layout_shoals
Shoals:2: layout_shoals, serial_shops, shop
Shoals:3: layout_shoals, serial_shops, shop,
          nicolae_shoals_water_elemental_grotto
Shoals:4: shoals_end_simple, layout_shoals, shoals_ilsuiw_ice
Spider:1: layout_spider_delve, hangedman_spider_tarantella_strand
Spider:2: layout_spider_delve, zaba_antful_of_joy, uniq_azrael
Spider:3: layout_spider_delve, uniq_louise
Spider:4: grunt_spider_rune_parallel
Slime:1:  layout_caves
Slime:2:  layout_caves
Slime:3:  cheibrodos_slime_lost_civilization_9, layout_caves
Slime:4:  layout_caves, cheibrodos_slime_lost_civilization_5
Slime:5
Orc:1:    layout_caves, uniq_josephine, uniq_sonja
Orc:2:    st_orc_open, layout_caves, biasface_ghost_orc_armoury
Elf:1:    eino_elf_arrival_shootout, layout_rooms, minmay_elf_crystal_hexagon
Elf:2:    layout_onion_city, evilmike_ambush [evilmike_ambush_outer_basic,
          evilmike_ambush_inner_basic]
Elf:3:    minmay_elf_hall_furrowed, layout_loops_corners, serial_shops,
          nicolae_shop_overgrown_old_shop, grunt_megastairs_5, uniq_nikola
Vaults:1: grunt_vaults_diagonal, nicolae_vaults_alarming,
          nicolae_vaults_asterisk, v_misc_26, hangedman_vaults_maws,
          hangedman_vaults_hat, ontoclasm_vaults_chip, vaults_room_semicircle,
          ontoclasm_vaults_ring_square, nicolae_vaults_rhombus_6,
          layout_vaults_omnigrid, serial_shops, shop
Vaults:2: nicolae_vaults_little_squares_2, nicolae_vaults_theta,
          nicolae_vaults_arrows, nicolae_vaults_network_barrier,
          nicolae_vaults_what_the_h, v_misc_3, hangedman_vaults_slice,
          nicolae_vaults_big_angled_halls, v_misc_19, vaults_dpeg_ring,
          vaults_mumra_minichess_inversion, vaults_room_semicircle,
          layout_vaults_omnibox
Vaults:3: advil_vaults_ghost_lines, nicolae_vaults_little_squares_5,
          nicolae_vaults_big_angled_halls, dpeg_vaults_monster_row,
          ontoclasm_vaults_ring_large, vaults_dpeg_hooks, st_squares,
          minmay_crypt_entry_simple_corners, v_misc_12,
          vaults_dpeg_encased_lava, v_pattern_2,
          nicolae_vaults_mini_display_case, serial_ice_h, layout_vaults_ring
Vaults:4: nicolae_vaults_ninety_degrees, nicolae_vaults_little_squares_6,
          hangedman_vaults_cutoff, v_rooms_6, nicolae_vaults_theta,
          hangedman_vaults_nails, vaults_mumra_chevron, vaults_room_pools,
          vaults_room_grunt_arrival_ludios, hangedman_vaults_slither,
          layout_vaults_omnicross
Vaults:5: serial_shops
Crypt:1:  layout_catacombs, uniq_xtahua, uniq_margery
Crypt:2:  layout_gridlike, basic_altar, uniq_sojobo, uniq_mennas
Crypt:3:  church_of_pain_bobbens, layout_chaotic_city, uniq_boris
Depths:1: layout_gridlike, nemelex_xobeh_ov_fountains_minmay,
          hangedman_abyss_entry_splay, hell_entry, wad_floor_pattern_untrapped,
          nrook_campfire, nrook_loot_triangle, onia_ninara_cookie,
          grunt_megastairs_2, uniq_aizul, uniq_asterion, uniq_mara
Depths:2: kennysheep_bubble_arena, layout_gridlike, abyss_entry_crystal,
          kennysheep_another_room, grunt_metal_band
Depths:3: cheibrodos_witchhunters_guild, layout_honeycomb,
          minmay_room_of_horrors, grunt_pan_entry_sceptre, hell_entry,
          grunt_decor_cap, uniq_frederick
Depths:4: kennysheep_blocky_hall, layout_long_grid, grunt_hell_entry_dis_mu,
          abyss_entry, minmay_stone_trees_large
Depths:5: grunt_runaround [grunt_runaround_doors_1, grunt_runaround_doors_2,
          grunt_runaround_doors_3, grunt_runaround_doors_4,
          grunt_runaround_zot], hell_entry
Zot:1:    layout_misc_corridors
Zot:2:    layout_twisted_circle, grunt_megastairs_4
Zot:3:    layout_misc_corridors, st_large_dragon_hoard_3
Zot:4:    layout_gridlike
Zot:5:    layout_misc_corridors, grunt_ministairs_14, st_stairs_2

Skill      XL: |  1  2  3  4  5  6  7  8  9 10 11 12 13 14 15 16 17 18 19 20 21 22 23 24 25 26 27 |
---------------+----------------------------------------------------------------------------------+-----
Axes           | 3 4 5 6 7 9 10 12 13 16 17 | 17.9
Fighting       | 4 5 6 7 8 9 10 11 13 14 17 18 20 21 23 24 | 24.7
Armour         | 4 5 6 7 8 9 11 13 14 17 18 20 | 20.0
Shields        | 4 5 6 7 8 9 12 16 17 18 20 22 23 24 | 24.8
Short Blades   | 2 |  2.8
Invocations    | 8 9 13 16 17 | 17.2
Evocations     | 3 6 7 9 |  9.0
Throwing       | 3 12 | 12.4
Slings         | 8 10 12 13 | 13.7
Translocations | 2 10 | 10.0
Spellcasting   | 5 |  5.0
Dodging        | 13 | 13.6
Summonings     | 3 10 | 10.0
Earth Magic    | 13 | 13.9
Transmutations | 10 | 10.0

Action                   |  1- 3 |  4- 6 |  7- 9 | 10-12 | 13-15 | 16-18 | 19-21 | 22-24 | 25-27 || total
-------------------------+-------+-------+-------+-------+-------+-------+-------+-------+-------++-------
Melee: War axe           |    15 |     8 |   146 |   401 |   508 |     3 |       |       |       ||  1081
       Headbutt          |    15 |    15 |    85 |   102 |   211 |   248 |   221 |   231 |   221 ||  1349
       Dagger            |    76 |    84 |   289 |    23 |     2 |       |       |       |       ||   474
       Hand axe          |       |       |    17 |       |       |       |       |       |       ||    17
       Broad axe         |       |       |       |       |   325 |   959 |   850 |   693 |   420 ||  3247
       Fustibalus        |       |       |       |       |       |       |     2 |       |    16 ||    18
       Eveningstar       |       |       |       |       |       |       |       |    24 |   281 ||   305
 Fire: Fustibalus        |       |       |       |       |   213 |   481 |   845 |   736 |  1245 ||  3520
Throw: Stone             |    17 |    42 |    58 |       |       |       |       |       |       ||   117
       Javelin           |       |       |    11 |    33 |    13 |    51 |   123 |   124 |   157 ||   512
       Dart              |       |       |       |    91 |   114 |   353 |    92 |       |       ||   650
       Throwing net      |       |       |       |       |       |       |       |     3 |       ||     3
 Cast: Blink             |       |       |       |       |       |       |       |       |    18 ||    18
       Call Imp          |       |       |       |       |       |       |       |       |    17 ||    17
       Apportation       |       |       |       |       |       |       |       |       |     4 ||     4
       Passwall          |       |       |       |       |       |       |       |       |     1 ||     1
Invok: Stomp             |       |       |       |     2 |    32 |    20 |     3 |     1 |     4 ||    62
       Grand Finale      |       |       |       |       |     1 |     2 |     3 |     2 |     1 ||     9
       Line Pass         |       |       |       |       |       |     1 |       |     1 |     1 ||     3
 Abil: Evoke Invisibilit |       |       |       |       |       |       |       |       |     7 ||     7
Evoke: Wand              |       |       |       |    16 |    94 |    40 |    25 |    25 |     9 ||   209
       Phantom mirror    |       |       |       |     1 |     3 |     4 |     5 |     3 |     5 ||    21
       Lightning rod     |       |       |       |       |    12 |     5 |    21 |    23 |     4 ||    65
       Condenser vane    |       |       |       |       |       |     6 |    11 |    11 |    12 ||    40
       Tin of tremorston |       |       |       |       |       |       |       |     2 |     7 ||     9
       Phial of floods   |       |       |       |       |       |       |       |     1 |     3 ||     4
       Box of beasts     |       |       |       |       |       |       |       |       |     2 ||     2
  Use: Potion            |       |     1 |     2 |     1 |     9 |    10 |     8 |    10 |    26 ||    67
       Scroll            |       |       |    19 |    11 |    14 |    12 |    18 |    32 |    26 ||   132
 Stab: Paralysed         |       |       |    13 |    36 |   105 |   155 |   118 |   130 |    69 ||   626
       Invisible         |       |       |       |       |     2 |       |       |       |    12 ||    14
       Confused          |       |       |       |       |       |       |     2 |     1 |       ||     3
       Distracted        |       |       |       |       |       |       |     1 |     1 |       ||     2
       Held in net/web   |       |       |       |       |       |       |       |     1 |       ||     1
Armor: Scale mail        |     9 |       |       |       |       |       |       |       |       ||     9
       Chain mail        |    41 |    58 |     9 |       |       |       |       |       |       ||   108
       Plate armour      |       |       |   333 |   220 |   518 |   741 |   390 |       |       ||  2202
       Gold dragon scale |       |       |       |       |       |       |    12 |   410 |   473 ||   895
       Skin              |       |       |       |       |       |       |       |       |     4 ||     4
Dodge: Dodged            |    30 |    26 |   122 |    81 |   194 |   171 |   122 |    81 |   212 ||  1039
Block: Kite shield       |    55 |    60 |   304 |   214 |   554 |       |       |       |       ||  1187
       Tower shield      |       |       |       |       |   109 |  1315 |  1103 |   871 |  1009 ||  4407

Table legend: (Time is in decaauts)
 A = Elapsed time spent in this place.
 B = Non-inter-level travel time spent in this place.
 C = Inter-level travel time spent in this place.
 D = Time resting spent in this place.
 E = Time spent auto-exploring this place.
 F = Levels seen in this place.
 G = Mean time per level.
                   A        B        C        D        E       F      G
               +--------+--------+--------+--------+--------+-----+--------+
         Total |  98296 |  87496 |  10800 |  22362 |  44696 |  58 | 1694.8 |
       Dungeon |  23559 |  19721 |   3838 |   4277 |  11543 |  15 | 1570.6 |
          Lair |  10295 |   8281 |   2014 |    580 |   5933 |   6 | 1715.8 |
        Shoals |   5918 |   5664 |    254 |   1435 |   2748 |   4 | 1479.5 |
   Spider Nest |   8727 |   8243 |    484 |   3108 |   3446 |   4 | 2181.8 |
    Slime Pits |   1658 |   1593 |     65 |    782 |    175 |   5 |  331.6 |
  Orcish Mines |   2099 |   1789 |    310 |    444 |    973 |   2 | 1049.5 |
   Elven Halls |   6091 |   5520 |    571 |   1908 |   2369 |   3 | 2030.3 |
        Vaults |  14154 |  12585 |   1569 |   2004 |   7241 |   5 | 2830.8 |
         Crypt |   3480 |   3409 |     71 |    555 |   1809 |   3 | 1160.0 |
        Depths |  12033 |  10739 |   1294 |   3370 |   4727 |   5 | 2406.6 |
           Zot |   9393 |   9069 |    324 |   3520 |   3683 |   5 | 1878.6 |
         Abyss |    884 |    884 |      0 |    375 |     47 |   1 |  884.0 |
               +--------+--------+--------+--------+--------+-----+--------+

Top non-repeatable levels by time:
Spider:4: 3951 daAuts
Depths:5: 3658 daAuts
Vaults:1: 3564 daAuts
   Elf:3: 3141 daAuts
Vaults:3: 3120 daAuts
   Zot:5: 3012 daAuts
Vaults:2: 2921 daAuts
Vaults:5: 2869 daAuts
    D:13: 2709 daAuts
Shoals:4: 2663 daAuts
    D:15: 2470 daAuts
Depths:3: 2389 daAuts
  Lair:6: 2349 daAuts
    D:10: 2252 daAuts
Depths:2: 2145 daAuts
